 Dungeon Crawl Stone Soup version 0.28-a0-643-g84cb2ea78e (webtiles) character file.

Game seed: 5007070797869576418

7276 karkarkar the Cleaver (level 10, -5/90 HPs)
             Began as a Minotaur Fighter on Oct 10, 2021.
             Was a Priest of Okawaru.
             Slain by an 11-headed hydra (10 damage)
             ... on level 9 of the Dungeon.
             The game lasted 00:27:44 (8668 turns).

karkarkar the Cleaver (Minotaur Fighter)            Turns: 8668, Time: 00:27:45

Health: -5/90      AC: 17    Str: 24    XL:     10   Next: 89%
Magic:  0/11       EV: 12    Int:  5    God:    Okawaru [***...]
Gold:   546        SH:  6    Dex: 12    Spells: 9/9 levels left

rFire   . . .      SeeInvis .   m - +0 long sword (flame)
rCold   . . .      Faith    .   c - +0 buckler
rNeg    + + .      Spirit   +   I - +0 plate armour
rPois   .          Reflect  .   (helmet restricted)
rElec   .          Harm     .   q - scarf {repulsion}
rCorr   .          Rampage  ∞   E - +0 pair of gloves
Will    .....                   y - +3 pair of seven-league boots {Rampage+∞}
Stlth   ..........              i - amulet "Tezup" {Spirit rN++ Regen+ Dex+2}
HPRegen 1.25/turn               b - +4 ring of evasion
MPRegen 0.12/turn               (no ring)

@: about to teleport, repel missiles
A: horns 2, retaliatory headbutt
a: Renounce Religion, Heroism


You were on level 9 of the Dungeon.
You worshipped Okawaru.
Okawaru was most pleased with you.
You visited 2 branches of the dungeon, and saw 10 of its levels.

You collected 690 gold pieces.
You spent 144 gold pieces at shops.

Inventory:

Hand Weapons
 a - a +1 war axe of venom
 m - a +0 long sword of flaming (weapon)
 C - a +2 flail of holy wrath
 K - a +2 war axe of draining
Missiles
 g - 8 boomerangs (quivered)
 h - 4 throwing nets
 r - 31 poisoned darts
 u - 4 javelins
 v - 3 atropa-tipped darts
Armour
 c - a +0 buckler (worn)
 q - a scarf of repulsion (worn)
 y - the +3 pair of seven-league boots (worn) {Rampage+∞}
   (You found it on level 5 of the Dungeon)

   Its wearer moves as far as possible in that direction when moving towards
   enemies.
 B - a +1 cloak
 E - a +0 pair of gloves (worn)
 I - a +0 plate armour (worn)
Jewellery
 b - a +4 ring of evasion (left hand)
 i - the amulet "Tezup" (around neck) {Spirit rN++ Regen+ Dex+2}
   (You acquired it on level 2 of the Dungeon)

   [amulet of guardian spirit]

   It causes incoming damage to be divided between your reserves of health and
   magic.
   Dex:       It affects your dexterity (+2).
   rN:        It greatly protects you from negative energy.
   Regen:     It increases your rate of health regeneration.
 k - an amulet of guardian spirit
Wands
 j - a wand of polymorph (11)
 H - a wand of flame (32)
 J - a wand of iceblast (6)
Scrolls
 f - a scroll of enchant weapon
 l - a scroll of immolation
 o - a scroll of identify
 t - a scroll of noise
 w - a scroll of teleportation
 z - a scroll of amnesia
Potions
 d - 2 potions of might
 e - 7 potions of curing
 n - a potion of experience {unknown}
 p - a potion of cancellation {unknown}
 s - a potion of magic {unknown}
 x - 2 potions of berserk rage
 A - a potion of mutation
 D - a potion of ambrosia {unknown}
 F - a potion of flight {unknown}
 G - a potion of brilliance {unknown}


   Skills:
 + Level 8.9 Fighting
 + Level 13.1 Axes
 + Level 6.9 Throwing
 - Level 4.5 Armour
 + Level 3.9 Dodging
 + Level 1.5 Stealth
 + Level 7.8 Shields
 * Level 3.2 Invocations


You had 9 spell levels left.
You didn't know any spells.
Your spell library contained the following spells:

 Spells                   Type           Power      Damage    Failure   Level
 Slow                     Hex            0%         N/A       100%        2
 Static Discharge         Conj/Air       0%         N/A       100%        2
 Confusing Touch          Hex            0%         N/A       100%        3
 Gell's Gravitas          Tloc           0%         N/A       100%        3
 Lesser Beckoning         Tloc           0%         N/A       100%        3
 Teleport Other           Tloc           0%         N/A       100%        3
 Vampiric Draining        Necr           0%         2d6       100%        3
 Lightning Bolt           Conj/Air       0%         1d11      100%        5
 Maxwell's Capacitive Co  Air            0%         ∞         100%        8


Dungeon Overview and Level Annotations

Branches:
Dungeon (9/15)             Temple (1/1) D:6             Orc (0/2) D:9
   Lair: D:8-11

Altars:
Ashenzari
Cheibriados
Elyvilon
Fedhas
Gozag
Hepliaklqana
Kikubaaqudgha
Nemelex Xobeh
Okawaru
Qazlal
Ru
Sif Muna
Trog
Uskayaw
Vehumet
Xom
Yredelemnul
Zin
The Shining One

Shops:
D:7 :[::!(   D:8 [   D:9 ?

Annotations:
D:8 exclusion: upstairs
D:9 Grum


Innate Abilities, Weirdness & Mutations

You have a pair of horns on your head.
You reflexively headbutt those who attack you in melee.


Message History

The 11-headed hydra bites you. The 11-headed hydra barely misses you.
The 11-headed hydra bites you but does no damage.
The 11-headed hydra bites you. The 11-headed hydra closely misses you.
The 11-headed hydra bites you but does no damage.
The 11-headed hydra completely misses you.
The 11-headed hydra bites you but does no damage.
The 11-headed hydra closely misses you. The 11-headed hydra bites you.
The 11-headed hydra bites you but does no damage. x5
The 11-headed hydra bites you. The 11-headed hydra bites you! x2
You are too injured to fight recklessly!
Unknown command.
A wolf comes into view.
The wolf pauses to sniff the ground. 3 wolves and Grum come into view.
Grum growls angrily.
The wolf howls! x2
The wolf barely misses you.
As you read the scroll of teleportation, it crumbles to dust.
You feel strangely unstable. The wolf bites you!
The 11-headed hydra bites you but does no damage.
The 11-headed hydra closely misses you. You block the 11-headed hydra's attack.
The 11-headed hydra bites you but does no damage. x2
The 11-headed hydra bites you! The 11-headed hydra bites you.
* * * LOW HITPOINT WARNING * * *
The 11-headed hydra bites you but does no damage.
The 11-headed hydra bites you.
* * * LOW HITPOINT WARNING * * *
The 11-headed hydra bites you!
* * * LOW HITPOINT WARNING * * *
The 11-headed hydra bites you but does no damage.
The wolf bites you but does no damage. You block the wolf's attack. x2
The wolf barely misses you. The wolf bites you!
* * * LOW HITPOINT WARNING * * *
Grum hits you from afar with a -2 spear.
* * * LOW HITPOINT WARNING * * *
Unknown command.
You feel better. The wolf bites you but does no damage. The wolf bites you.
* * * LOW HITPOINT WARNING * * *
You block the wolf's attack. The wolf bites you but does no damage.
The 11-headed hydra bites you!
You die...

#.# #.....#### #..#D♣.♣.# #.#
#....#.##...# #..#)♣.♣.# ..#
#.[...##....# #..#)♣♣♣.
#.####)...###....# #..#♣.♣.♣
#...)[)..####....# #..#♣.♣.♣
######.....##....# #..#♣♣.♣
#.....##..hg# #..# ♣.♣
#.....##..hh# #..# ♣)♣
##.....# #@####..#♣.).♣
#......# #hD.....#......
#......##########..#♣...♣#♣
#...#...†.[[.......#♣♣.♣♣
#...#######[.###...##########
#...# ####..#.#.............
#...# #.....#...............
#...# #.....#.#.#.##..#####.
#...# #.....#.#.#.###.#


You could see a 11-headed hydra, Grum and 4 wolves.

Vanquished Creatures
  A two-headed ogre (D:8)
  Pikel (D:6)
  A manticore (D:9)
  Maurice (D:8)
  Maggie (D:7)
  A troll (D:7)
  Grinder (D:4)
  Prince Ribbit (D:7)
  3 steam dragons
  An acid dragon (D:9)
  Edmund (D:6)
  A water moccasin (D:6)
  Duvessa (D:6)
  An ice beast (D:3)
  3 orc warriors
  A sky beast (D:6)
  A black bear (D:6)
  5 centaurs
  4 ogres
  A phantom (D:5)
  4 lemures (D:6)
  A kobold brigand (D:9)
  2 bullfrogs (D:8)
  2 scorpions (D:7)
  Dowan (D:6)
  2 water moccasin skeletons
  15 killer bees
  4 wights (D:9)
  A howler monkey (D:5)
  An electric eel (D:8)
  3 centaur zombies (D:9)
  An iron imp (D:7)
  5 hounds
  3 orc priests
  2 jellies
  A bullfrog skeleton (D:7)
  2 iguanas (D:5)
  4 orc wizards
  Jessica (D:3)
  3 gnoll shamans
  Crazy Yiuf (D:6)
  A killer bee zombie (D:7)
  A hound skeleton (D:5)
  A howler monkey zombie (D:9)
  16 gnolls
  7 adders
  A shadow imp (D:6)
  An adder skeleton (D:4)
  2 worms
  A dart slug (D:4)
  52 orcs
  9 ball pythons
  6 bats
  18 endoplasms
  2 giant cockroaches
  11 goblins
  9 hobgoblins
  7 jackals
  2 quokkas
  3 training dummies (D:7)
  2 frilled lizards (D:2)
  2 goblin skeletons (D:7)
  2 goblin zombies (D:7)
  2 hobgoblin zombies (D:7)
  12 kobolds
  3 kobold skeletons (D:7)
  An orc skeleton (D:7)
  An orc zombie (D:7)
  9 rats
274 creatures vanquished.

Vanquished Creatures (others)
  31 plants
31 creatures vanquished.

Grand Total: 305 creatures vanquished

Notes
Turn   | Place    | Note
-------+----------+-------------------------------------------
     0 | D:1      | karkarkar the Minotaur Fighter began the quest for the Orb.
     0 | D:1      | Reached XP level 1. HP: 19/19 MP: 0/0
   131 | D:1      | Reached skill level 3 in Axes
   131 | D:1      | Reached XP level 2. HP: 25/27 MP: 1/1
   387 | D:1      | Reached XP level 3. HP: 33/33 MP: 2/2
  1238 | D:2      | Reached XP level 4. HP: 40/40 MP: 3/3
  1387 | D:2      | Reached skill level 4 in Axes
  1752 | D:2      | Identified a scroll of acquirement
  1753 | D:2      | Acquired the amulet "Tezup" {Spirit rN++ Regen+ Dex+2}
  1808 | D:3      | Reached skill level 1 in Dodging
  1874 | D:3      | Found a faded altar of an unknown god.
  2031 | D:3      | Found a radiant altar of Vehumet.
  2155 | D:3      | Reached XP level 5. HP: 47/47 MP: 4/4
  2381 | D:3      | Noticed Jessica
  2385 | D:3      | Killed Jessica
  2731 | D:4      | Noticed Grinder
  2731 | D:4      | Noticed an ice beast
  2733 | D:4      | Paralysed by Grinder for 2 turns
  2745 | D:3      | Killed an ice beast
  2746 | D:3      | Reached skill level 5 in Axes
  2746 | D:3      | Reached XP level 6. HP: 34/53 MP: 1/5
  2814 | D:4      | Paralysed by Grinder for 7 turns
  2822 | D:4      | Paralysed by Grinder for 4 turns
  2832 | D:4      | Killed Grinder
  2833 | D:4      | Reached skill level 6 in Axes
  2833 | D:4      | Reached skill level 5 in Shields
  2833 | D:4      | Reached XP level 7. HP: 53/60 MP: 6/6
  3559 | D:4      | Reached skill level 5 in Fighting
  3798 | D:5      | Entered Level 5 of the Dungeon
  3912 | D:5      | Reached skill level 7 in Axes
  3927 | D:5      | Reached XP level 8. HP: 68/68 MP: 5/7
  4092 | D:5      | Found a sparkling altar of Nemelex Xobeh.
  4283 | D:5      | Reached skill level 5 in Throwing
  4466 | D:5      | Found the +3 pair of seven-league boots {Rampage+∞}
  4588 | D:5      | Reached skill level 8 in Axes
  4770 | D:6      | Noticed Pikel
  4787 | D:6      | Killed Pikel
  4788 | D:6      | Reached skill level 9 in Axes
  4788 | D:6      | Reached XP level 9. HP: 66/78 MP: 6/8
  4937 | D:6      | Noticed Dowan
  4941 | D:6      | Noticed Duvessa
  4949 | D:6      | Killed Dowan
  4958 | D:6      | Killed Duvessa
  4959 | D:6      | Reached skill level 10 in Axes
  5025 | D:6      | Found a runed translucent door.
  5026 | D:6      | Noticed Crazy Yiuf
  5030 | D:6      | Killed Crazy Yiuf
  5154 | D:6      | Found a staircase to the Ecumenical Temple.
  5162 | D:6      | Noticed Edmund
  5167 | Temple   | Entered the Ecumenical Temple
  5369 | Temple   | Became a worshipper of Warmaster Okawaru
  5388 | D:6      | Killed Edmund
  5530 | D:7      | Found a glowing golden altar of the Shining One.
  5571 | D:7      | Noticed a troll
  5587 | D:7      | Killed a troll
  5588 | D:7      | Reached skill level 1 in Stealth
  5627 | D:7      | Reached * piety under Okawaru
  5679 | D:7      | Found Xaarghuno's Book Emporium.
  5680 | D:7      | Found Huilifa Ehoc's Antique Armour Emporium.
  5686 | D:7      | Found Kitzin's Book Emporium.
  5695 | D:7      | Found Kuixt's Distillery.
  5717 | D:7      | Bought a potion of curing for 48 gold pieces
  5717 | D:7      | Bought a potion of curing for 48 gold pieces
  5717 | D:7      | Bought a potion of curing for 48 gold pieces
  5834 | D:7      | Reached skill level 11 in Axes
  5905 | D:7      | Found Qetewk's Book Shop.
  5924 | D:7      | Noticed Prince Ribbit
  5925 | D:7      | Noticed Maggie
  5945 | D:7      | Killed Maggie
  5946 | D:7      | Killed Prince Ribbit
  5947 | D:7      | Reached XP level 10. HP: 86/88 MP: 5/9
  6223 | D:7      | Found Uniepoob's Firing Range.
  6448 | D:8      | Reached ** piety under Okawaru
  6486 | D:8      | Noticed a skeletal warrior
  6489 | D:8      | Noticed a skeletal warrior
  6489 | D:8      | Noticed a skeletal warrior
  6639 | D:8      | Noticed Maurice
  6649 | D:8      | Killed Maurice
  6650 | D:8      | Reached skill level 1 in Invocations
  6693 | D:8      | Found Kueh's Armour Emporium.
  7062 | D:8      | Reached skill level 12 in Axes
  7342 | D:9      | Noticed a two-headed ogre
  7377 | D:8      | Killed a two-headed ogre
  7585 | D:9      | Reached *** piety under Okawaru
  7801 | D:9      | Found a staircase to the Orcish Mines.
  7905 | D:9      | Found Vuttoto's Magic Scroll Shoppe.
  8072 | D:9      | Noticed a seven-headed hydra
  8086 | D:9      | HP: 4/90 [ten-headed hydra (13)]
  8300 | D:9      | Reached skill level 13 in Axes
  8602 | D:9      | Noticed a manticore
  8619 | D:9      | Killed a manticore
  8665 | D:9      | Noticed Grum
  8667 | D:9      | HP: 2/90 [Grum (5)]
  8668 | D:9      | Slain by an 11-headed hydra

Illustrated notes

Levels and vault maps discovered:
D:1:      dpeg_arrival_arbitrary_b, layout_loops_ring, dk_noncrumbling_2,
          chequers_avenue, minmay_close_crescents
D:2:      layout_basic, kennysheep_donut
D:3:      layout_loops_corners, general_overflow_altar, basic_ecumenical_altar,
          minmay_strange_pillars, uniq_jessica
D:4:      layout_cave_pods, uniq_grinder
D:5:      layout_loops_ring, mainiacjoe_overflow_tiny_flanked, serial_bayou,
          serial_bayou_lake_a, serial_bayou_pond_e, serial_bayou_crossing,
          serial_bayou_pond_e, nicolae_zen_rock_garden, st_stairs_6,
          grunt_ministairs_6
D:6:      layout_basic, minmay_temple_entry_tees, uniq_pikel,
          uniq_crazy_yiuf_cottage, uniq_duvessa, uniq_edmund
D:7:      layout_basic, nicolae_tso_besieged_by_evil, serial_shops, shop,
          minmay_shop_grid_forest, nicolae_shop_firing_range, uniq_maggie,
          uniq_prince_ribbit1
D:8:      layout_basic, nicolae_take_the_stairs, chequers_serial_rivers_micro_b,
          uniq_maurice
D:9:      nzn_winding_woodlands_medium [nzn_winding_woodlands_5x5_default,
          nzn_winding_woodlands_5x15_eye, nzn_winding_woodlands_5x5_three,
          nzn_winding_woodlands_5x5_open_star,
          nzn_winding_woodlands_center_triple_pond,
          nzn_winding_woodlands_5x5_cross, nzn_winding_woodlands_5x5_default,
          nzn_winding_woodlands_5x15_garden,
          nzn_winding_woodlands_5x5_perimeter], layout_basic, hiddenorc1_lemuel,
          serial_shops, nicolae_shop_statue_plus, grunt_ministairs_8, uniq_grum
Temple:   eino_temple_rhombus

Skill      XL: |  1  2  3  4  5  6  7  8  9 10 |
---------------+-------------------------------+-----
Axes           | 3 4 5 6 7 9 11 13 | 13.1
Fighting       | 4 5 6 7 8 |  8.9
Shields        | 4 5 6 7 |  7.8
Armour         | 4 |  4.5
Dodging        | 1 2 3 |  3.9
Throwing       | 2 4 5 6 |  6.9
Stealth        | 1 |  1.5
Invocations    | 3 |  3.2

Action                   |  1- 3 |  4- 6 |  7- 9 | 10-12 || total
-------------------------+-------+-------+-------+-------++-------
Melee: War axe           |    95 |    83 |   200 |   211 ||   589
       Headbutt          |     9 |    17 |    30 |    43 ||    99
       Long sword        |       |       |       |     1 ||     1
Throw: Boomerang         |       |    24 |    13 |     4 ||    41
       Dart              |       |       |    25 |     4 ||    29
       Javelin           |       |       |    23 |       ||    23
       Throwing net      |       |       |       |     1 ||     1
Invok: Heroism           |       |       |     1 |     5 ||     6
Evoke: Wand              |       |       |       |     1 ||     1
  Use: Scroll            |       |     6 |     8 |     7 ||    21
       Potion            |       |       |     1 |     2 ||     3
Armor: Scale mail        |    43 |    34 |    49 |    42 ||   168
       Plate armour      |       |       |       |    84 ||    84
Dodge: Dodged            |    54 |    33 |   101 |   130 ||   318
       Repelled          |       |       |       |     2 ||     2
Block: Buckler           |    23 |    23 |    55 |    66 ||   167

Table legend: (Time is in decaauts)
 A = Elapsed time spent in this place.
 B = Non-inter-level travel time spent in this place.
 C = Inter-level travel time spent in this place.
 D = Time resting spent in this place.
 E = Time spent auto-exploring this place.
 F = Levels seen in this place.
 G = Mean time per level.
                   A        B        C        D        E       F      G
               +--------+--------+--------+--------+--------+-----+--------+
         Total |   8788 |   8147 |    641 |    369 |   5463 |  10 |  878.8 |
       Dungeon |   8577 |   7959 |    618 |    369 |   5297 |   9 |  953.0 |
        Temple |    210 |    187 |     23 |      0 |    166 |   1 |  210.0 |
               +--------+--------+--------+--------+--------+-----+--------+

Top non-repeatable levels by time:
     D:9: 1120 daAuts
     D:7: 1075 daAuts
     D:3: 1040 daAuts
     D:4: 1002 daAuts
     D:5: 960 daAuts
     D:1: 956 daAuts
     D:8: 928 daAuts
     D:2: 869 daAuts
     D:6: 624 daAuts
  Temple: 210 daAuts
